 Dungeon Crawl Stone Soup version 0.28.0 (webtiles) character file.

Game seed: 9179244391461791743

38 lonewolfV2 the Covered (level 3, -6/23 HPs)
             Began as a Tengu Fighter on Feb 10, 2022.
             Mangled by Sigmund (10 damage)
             ... on level 2 of the Dungeon.
             The game lasted 00:01:38 (1806 turns).

lonewolfV2 the Covered (Tengu Fighter)              Turns: 1806, Time: 00:01:39

Health: -6/23      AC:  7    Str: 18    XL:     3   Next: 43%
Magic:  4/4        EV:  9    Int:  8    God:
Gold:   1          SH:  0    Dex: 13    Spells: 2/2 levels left

rFire   . . .      SeeInvis .   a - +0 war axe
rCold   . . .      Faith    .   c - +0 buckler
rNeg    . . .      Spirit   .   b - +0 scale mail
rPois   .          Reflect  .   (helmet restricted)
rElec   .          Harm     .   (no cloak)
rCorr   .          Rampage  .   (no gloves)
Will    .....                   (boots unavailable)
Stlth   ..........              (no amulet)
HPRegen 0.07/turn               (no ring)
MPRegen 0.09/turn               (no ring)

@: confused, weak-willed
A: beak, talons 3
a: no special abilities


You were on level 2 of the Dungeon.
You visited 1 branch of the dungeon, and saw 2 of its levels.

You collected 1 gold pieces.

Inventory:

Hand Weapons
 a - a +0 war axe (weapon)
Missiles
 g - a throwing net (quivered)
Armour
 b - a +0 scale mail (worn)
 c - a +0 buckler (worn)
Jewellery
 h - a +6 ring of strength
Potions
 d - a potion of might
 f - a potion of ambrosia


   Skills:
 + Level 3.4 Fighting
 + Level 2.8 Axes
 + Level 3.8 Armour
 + Level 3.2 Shields


You had 2 spell levels left.
You didn't know any spells.
Your spell library was empty.

Dungeon Overview and Level Annotations

Branches:
Dungeon (2/15)

Altars:

Annotations:
D:2 Sigmund


Innate Abilities, Weirdness & Mutations

You have a beak for a mouth.
You have claws for feet.


Message History

You open the door.
There is an open door here.
Found a hunting sling.
Found a stone staircase leading up.
Unknown command.
As you read the scroll labelled POATTO SOIFOW, it crumbles to dust.
Magic quickly surges around you.
It was a scroll of vulnerability.
As you read the scroll labelled XUEFULEEFF, it crumbles to dust.
It is a scroll of identify.
f - a potion of ambrosia Sigmund the Dreaded comes into view.
He is wielding a +1 scythe of flaming.
Sigmund shouts!
Sigmund gestures wildly while chanting.
Sigmund flickers and vanishes!
Deactivating autopickup; reactivate with Ctrl-A.
There is a strange disturbance nearby!
There is a strange disturbance nearby!
There is a strange disturbance nearby!
Something hits you but does no damage. Something hits you but does no damage.
You slash something! Your kick misses something.
You hear some strange, mumbled words.
You are confused.
Something hits you. Something burns you.
You're too confused to move!
You hear some strange, mumbled words.
You are more confused.
You bump into the rock wall.
You hear some strange, mumbled words.
A puff of flame appears from out of thin air!
The puff of flame hits you. Something hits you. Something burns you.
* * * LOW HITPOINT WARNING * * *
You bump into the rock wall.
Something hits you.
* * * LOW HITPOINT WARNING * * *
Something burns you.
* * * LOW HITPOINT WARNING * * *
You closely miss something. Your kick misses something. Something hits you!
You die...

#.####........#
#......## #.#
##.##.....#
#.######
#.###...#.....#
#.#
......).#######
#.# #.###...#
#.# #.# #####
#.# #.# #.# #..
#######.# ###
#....{@.#
......#####
.##.# .. .


There were no monsters in sight!

Vanquished Creatures
  An adder (D:2)
  A worm (D:2)
  An endoplasm (D:1)
  2 giant cockroaches (D:1)
  2 goblins (D:1)
  3 hobgoblins (D:1)
  4 ball pythons (D:1)
  4 bats
  5 frilled lizards
  3 kobolds (D:1)
  3 rats (D:1)
29 creatures vanquished.

Notes
Turn   | Place    | Note
-------+----------+-------------------------------------------
     0 | D:1      | lonewolfV2 the Tengu Fighter began the quest for the Orb.
     0 | D:1      | Reached XP level 1. HP: 14/14 MP: 2/2
   286 | D:1      | Found a faded altar of an unknown god.
   423 | D:1      | Reached XP level 2. HP: 19/19 MP: 3/3
  1209 | D:1      | Reached XP level 3. HP: 23/23 MP: 4/4
  1793 | D:2      | Noticed Sigmund
  1806 | D:2      | Mangled by Sigmund

Illustrated notes

Levels and vault maps discovered:
D:1:      dpeg_arrival_ternary, layout_loops_corners,
          nicolae_ecumenical_lake_church
D:2:      layout_loops_cross, st_stairs_12, kennysheep_generic_room_10,
          uniq_sigmund

Action                   || total
-------------------------++-------
Melee: War axe           ||    64
       Kick              ||    12
       Peck              ||     8
  Use: Scroll            ||     2
Armor: Scale mail        ||    35
Dodge: Dodged            ||    37
Block: Buckler           ||    19
